 Dungeon Crawl Stone Soup version 0.16-a0-1167-g3157814 (webtiles) character file.

17854 Ratboiler the Whirler (level 12, -5/80 HPs)
             Began as a Halfling Arcane Marksman on Oct 8, 2014.
             Was a Priest of Okawaru.
             Slain by a seven-headed hydra (14 damage)
             ... on level 3 of the Lair of Beasts on Oct 9, 2014.
             The game lasted 01:14:34 (20192 turns).

Ratboiler the Whirler (Halfling Arcane Marksman)   Turns: 20192, Time: 01:14:35

Health: -5/80      AC: 11    Str: 11    XL:     12   Next: 87%
Magic:  15/15      EV: 20    Int: 12    God:    Okawaru [***...]
Gold:   756        SH:  0    Dex: 19    Spells: 2 memorised, 10 levels left

rFire  . . .     SeeInvis +     b - +0 hunting sling
rCold  + . .     Clarity  +     L - +2 ring mail {rC+}
rNeg   . . .     SustAb   .     (no shield)
rPois  .         Gourm    .     p - +0 helmet
rElec  .         Spirit   .     (no cloak)
rCorr  .         Warding  .     R - +0 pair of gloves
rMut   .         Stasis   .     G - +1 pair of boots
MR     .....                    N - amulet of clarity
Stlth  +.........               h - ring of see invisible
                                O - +5 ring of evasion

@: not resistant to hostile enchantments, very unstealthy
A: mutation resistance 1
a: Heroism, Renounce Religion


You were on level 3 of the Lair of Beasts.
You worshipped Okawaru.
Okawaru was most pleased with you.
You were hungry.

You visited 3 branches of the dungeon, and saw 15 of its levels.
You also visited: Sewer.

You collected 756 gold pieces.

Inventory:

Hand weapons
 a - a +0 demon blade of venom
 b - a +0 hunting sling (weapon)
 W - a +2 dagger of venom
Missiles
 e - 9 exploding sling bullets
 l - 461 stones
 q - 10 poisoned needles
 t - 25 poisoned sling bullets (quivered)
 z - 6 curare-tipped needles
 E - 18 sling bullets of flame
Armour
 p - a +0 helmet (worn)
 v - a +0 buckler
 G - a +1 pair of boots (worn)
 L - a +2 ring mail of cold resistance (worn)
 R - a +0 pair of gloves (worn)
Magical devices
 D - a wand of flame (1)
 P - a wand of disintegration (10)
Comestibles
 m - 6 meat rations
 o - a bread ration
 H - 2 fruits
 Q - 4 chunks of komodo dragon flesh
Scrolls
 c - a scroll of summoning
 g - 7 scrolls of teleportation
 n - a scroll of blinking
 w - a scroll of remove curse
 x - a scroll of fear {unknown}
 y - a scroll of recharging {unknown}
 B - 2 scrolls of immolation {unknown}
 C - 3 scrolls of enchant weapon {unknown}
 F - a scroll of magic mapping {unknown}
 I - 2 scrolls of enchant armour
 J - a scroll of acquirement {unknown}
 K - 3 scrolls of fog {unknown}
 M - a scroll of amnesia {unknown}
Jewellery
 h - a ring of see invisible (right hand)
 r - an uncursed ring of flight
 A - an uncursed ring of ice
 N - an amulet of clarity (around neck)
 O - a +5 ring of evasion (left hand)
 U - an uncursed ring of invisibility
Potions
 f - a potion of magic
 i - 5 potions of curing
 j - 2 potions of invisibility
 k - 2 potions of flight
 u - a potion of brilliance
 S - a potion of cure mutation
 T - 2 potions of heal wounds {unknown}
Books
 d - a book of Debilitation

   Spells                             Type                      Level
   *Corona                            Hexes                        1
   *Slow                              Hexes                        2
   Inner Flame                        Hexes/Fire                   3
   Enslavement                        Hexes                        4
   Cause Fear                         Hexes                        4
   Leda's Liquefaction                Hexes/Earth                  4
Miscellaneous
 s - a phial of floods (inert)


   Skills:
 - Level 6.8 Fighting
 - Level 10.0(13.0) Short Blades
 * Level 10.9(11.8) Long Blades
 - Level 16.1 Slings
 - Level 1.6 Armour
 - Level 8.4 Dodging
 - Level 1.0 Spellcasting
 - Level 2.6 Hexes


You had 10 spell levels left.
You knew the following spells:

 Your Spells              Type           Power        Failure   Level  Hunger
a - Corona                Hex            #......      21%         1    ##.....
b - Slow                  Hex            #.......     28%         2    ###....


Dungeon Overview and Level Annotations

Branches:
Dungeon (11/15)            Temple (1/1) D:6            Lair (3/8) D:11
    Orc: D:9-12       Swamp: Lair:3-6    Shoals: Lair:3-6     Snake: Lair:3-6
 Spider: Lair:3-6

Altars:
Ashenzari
Cheibriados
Dithmenos
Elyvilon
Fedhas
Gozag
Kikubaaqudgha
Makhleb
Nemelex Xobeh
Okawaru
Qazlal
Ru
Sif Muna
Trog
Vehumet
Xom
Yredelemnul
Zin
The Shining One

Shops:
D:4 :

Annotations:
D:9 Qrupt's ghost, powerful HuGl
Lair:2 DasRunzen's ghost, powerful DrCj


Innate Abilities, Weirdness & Mutations

You are small and have problems with some larger weapons.
You are somewhat resistant to further mutation.


Message History

The seven-headed hydra bites you but does no damage. x2
Unknown command.
You are feeling hungry.
The fire drake closely misses you. The fire drake breathes flames at you.
The blast of flame hits you!
* * * LOW HITPOINT WARNING * * *
Drink which item? (? for menu, Esc to quit)
Okay, then.
You see here a komodo dragon skeleton.
The blink frog croaks.
The fire drake breathes flames at you.
The blast of flame hits the quokka.
The quokka dies!
The blast of flame hits you!
* * * LOW HITPOINT WARNING * * *
Unknown command.
Unknown command.
The seven-headed hydra bites you!
You die...

# #................#..#.P#+P
###...........#..............
..#...#####P..#......#.####.
.....................###
.....................#
.##..................##
####.#..##.#.#.#.#.#..#
#.P................#
#PP...#.#.#.#@#.#.#..#
............D......... .....
.....#.#.#.#.#.#..........(..
...........<...........#(..
...#.#.#.#.#.#.##.#. ...(..
........k.....## #.#(#.
..#.#.#.#.#.## #..(..
............### ##..(..
##.#.#.#(#.##.# #P..(.(


You could see a seven-headed hydra.

Vanquished Creatures
  2 hydras
  A hill giant (D:10)
  A cyclops (D:11)
  4 spiny frogs (Lair:2)
  A centaur zombie (D:11)
  A black mamba (Lair:1)
  2 komodo dragons
  A fire drake (Lair:2)
  2 trolls
  4 two-headed ogres
  Prince Ribbit (D:8)
  3 blink frogs (Lair:3)
  A deep elf mage (D:11)
  11 yaks
  3 hippogriffs
  A hill giant skeleton (D:6)
  A hungry ghost (D:10)
  5 water moccasins
  14 wolves
  4 porcupines
  2 black bears
  2 necrophages
  6 orc warriors
  An ice beast (D:5)
  5 sky beasts
  A phantom (D:11)
  6 centaurs
  5 crocodiles
  5 boring beetles (D:11)
  6 ogres
  2 big kobolds
  6 giant frogs
  A scorpion (D:4)
  10 wights
  4 crimson imps
  A goliath beetle (D:7)
  8 jellies
  7 hounds
  A centaur skeleton (D:10)
  A giant frog skeleton (D:5)
  4 orc priests
  A soldier ant zombie (D:11)
  8 worker ants
  12 orc wizards
  4 iguanas
  An ogre zombie (D:5)
  6 sheep (Lair:3)
  Jessica (D:3)
  An ogre skeleton (D:7)
  A worker ant zombie (D:11)
  3 gnolls (D:5)
  12 adders
  8 green rats
  A giant mite (D:11)
  A goliath beetle zombie (D:5)
  A shadow imp (D:5)
  An adder zombie (D:8)
  An adder skeleton (D:6)
  4 giant geckos
  29 orcs
  13 bats
  13 hobgoblins
  10 jackals
  23 kobolds
  2 quokkas
  4 giant cockroaches
  A giant gecko zombie (D:6)
  7 giant newts
  2 giant spores (D:11)
  6 goblins
  A hobgoblin skeleton (D:4)
  A kobold skeleton (D:5)
  17 rats
  9 ballistomycetes (D:11)
352 creatures vanquished.

Vanquished Creatures (others)
  A water elemental (D:11)
  5 sheep (D:5)
  An orc wizard (D:5)
  A quokka (Lair:3)
  A fungus (Lair:2)
9 creatures vanquished.

Grand Total: 361 creatures vanquished

Notes
Turn   | Place    | Note
--------------------------------------------------------------
     0 | D:1      | Ratboiler, the Halfling Arcane Marksman, began the quest for the Orb.
     0 | D:1      | Reached XP level 1. HP: 12/12 MP: 2/2
   671 | D:1      | Reached XP level 2. HP: 6/18 MP: 3/3
   870 | D:1      | Learned a level 2 spell: Slow
  1081 | D:1      | Reached skill level 4 in Slings
  1694 | D:2      | Reached skill level 5 in Slings
  1694 | D:2      | Reached XP level 3. HP: 14/22 MP: 4/4
  2170 | D:2      | Reached XP level 4. HP: 27/27 MP: 5/5
  2248 | D:2      | Reached skill level 16 in Slings
  2248 | D:2      | Reached XP level 5. HP: 32/32 MP: 7/7
  2928 | D:3      | Noticed Jessica
  2936 | D:3      | Killed Jessica
  2936 | D:3      | Reached skill level 1 in Short Blades
  3258 | D:4      | Found a glowing drain.
  3262 | Sewer    | Entered a sewer
  3355 | Sewer    | Reached XP level 6. HP: 34/37 MP: 8/8
  3409 | Sewer    | Found a white marble altar of Elyvilon.
  3640 | D:4      | Got a glittering wooden ring
  3641 | D:4      | Identified the ring of Wishful Thinking {Ice Stlth+} (You found it on level 4 of the Dungeon)
  3688 | D:4      | Noticed an ogre
  3694 | D:4      | Killed an ogre
  3694 | D:4      | Reached XP level 7. HP: 42/42 MP: 9/9
  3928 | D:4      | Found Dixkamar's Book Shoppe.
  4060 | D:5      | Entered Level 5 of the Dungeon
  4346 | D:5      | Found a deep blue altar of Sif Muna.
  4473 | D:5      | Found a blossoming altar of Fedhas.
  4488 | D:5      | Reached skill level 5 in Short Blades
  4642 | D:5      | Found a shimmering altar of Xom.
  4871 | D:5      | Reached skill level 1 in Fighting
  4937 | D:5      | Reached XP level 8. HP: 37/48 MP: 10/10
  5905 | D:6      | Found a snail-covered altar of Cheibriados.
  6075 | D:6      | Reached XP level 9. HP: 57/57 MP: 11/11
  6107 | D:6      | Found a staircase to the Ecumenical Temple.
  6128 | Temple   | Entered the Ecumenical Temple
  6315 | D:6      | Reached skill level 5 in Dodging
  7325 | D:6      | Found a basalt altar of Yredelemnul.
  7326 | D:6      | Found a snail-covered altar of Cheibriados.
  7430 | D:7      | Got a smoking lajatang
  7431 | D:7      | Identified the +2 lajatang of Xom's Vengeance {holy, rPois Stlth--} (You found it on level 7 of the Dungeon)
  8703 | D:8      | Reached skill level 5 in Fighting
  8703 | D:8      | Reached XP level 10. HP: 49/66 MP: 13/13
  8897 | D:8      | Noticed Prince Ribbit
  8932 | D:8      | Killed Prince Ribbit
  9563 | D:8      | Found a sacrificial altar of Ru.
  9718 | D:8      | Found an opulent altar of Gozag.
 10045 | D:9      | Noticed Qrupt's ghost (powerful HuGl)
 11369 | D:9      | Found an iron altar of Okawaru.
 11369 | D:9      | Found a shattered altar of Ashenzari.
 11416 | D:9      | Became a worshipper of Warmaster Okawaru
 12403 | D:10     | Entered Level 10 of the Dungeon
 12602 | D:10     | Acquired Okawaru's first power
 12625 | D:10     | Reached XP level 11. HP: 51/74 MP: 14/14
 13332 | D:10     | Noticed a hill giant
 13358 | D:10     | Killed a hill giant
 13907 | D:10     | Reached skill level 10 in Short Blades
 14279 | D:11     | Reached skill level 1 in Armour
 14744 | D:11     | Noticed a cyclops
 14765 | D:11     | Killed a cyclops
 15135 | D:11     | Found a staircase to the Lair.
 16378 | Lair:1   | Entered Level 1 of the Lair of Beasts
 16379 | Lair:1   | Upgraded the game from 0.16-a0-1157-gec61f8e to 0.16-a0-1167-g3157814
 16396 | Lair:1   | Reached skill level 5 in Long Blades
 16612 | Lair:1   | Noticed a four-headed hydra
 16632 | Lair:1   | Killed a four-headed hydra
 17020 | Lair:1   | Reached XP level 12. HP: 61/80 MP: 15/15
 17488 | Lair:1   | Received a gift from Okawaru
 17995 | Lair:2   | Noticed DasRunzen's ghost (powerful DrCj)
 18905 | Lair:2   | Received a gift from Okawaru
 19270 | Lair:3   | Noticed a five-headed hydra
 19420 | Lair:3   | Killed a five-headed hydra
 19420 | Lair:3   | Received a gift from Okawaru
 19460 | Lair:3   | Reached skill level 10 in Long Blades
 19830 | Lair:3   | Received a gift from Okawaru
 20156 | Lair:3   | Noticed a seven-headed hydra
 20192 | Lair:3   | Slain by a seven-headed hydra

Action                   |  1- 3 |  4- 6 |  7- 9 | 10-12 || total
-------------------------+-------+-------+-------+-------++-------
Melee: Short sword       |    51 |       |       |       ||    51
       Dagger            |    44 |     1 |    22 |   328 ||   395
       Hunting sling     |       |       |     3 |       ||     3
       Demon blade       |       |       |       |   469 ||   469
 Fire: Hunting sling     |     8 |   102 |   563 |   815 ||  1488
Throw: Stone             |       |       |       |     1 ||     1
 Cast: Slow              |       |       |       |     1 ||     1
Invok: Heroism           |       |       |       |    11 ||    11
Evoke: Wand              |       |       |       |     6 ||     6
       Phial of floods   |       |       |       |     1 ||     1
  Use: Scroll            |     3 |     3 |     9 |    11 ||    26
       Potion            |       |     1 |     3 |     9 ||    13
  Eat: Chunk             |     4 |     1 |     4 |    10 ||    19
       Beef jerky        |       |     1 |     1 |     1 ||     3
       Pizza             |       |     1 |       |     1 ||     2
       Fruit             |       |       |     6 |       ||     6
       Bread ration      |       |       |     1 |     4 ||     5
       Royal jelly       |       |       |       |     1 ||     1
       Meat ration       |       |       |       |     1 ||     1
